[Event "Titled Tuesday Blitz November 15 Late 2022"]
[White "Harshavardhan G B"]
[Black "Pranav, V"]
[WhiteFideId "25059009"]
[BlackFideId "25060783"]
[WhiteElo "2333"]
[BlackElo "2430"]
[Result "0-1"]
[Round "03"]
[TimeControl "180+1"]
[Date "2022.11.15"]
[WhiteClock "0:00:15"]
[BlackClock "0:00:10"]

1. d4 Nf6 2. c4 e6 3. Nf3 Bb4+ 4. Nbd2 b6 5. a3 Bxd2+ 6. Qxd2 Bb7 7. g3 O-O 8. Bg2 a5 9. b3 d6 10. O-O Nbd7 11. Bb2 Re8 12. b4 Be4 13. Rfd1 Qb8 14. Qc3 Qb7 15. Bh3 axb4 16. axb4 b5 17. c5 Nd5 18. Qb3 N5f6 19. Nd2 Bd5 20. Qc3 Rxa1 21. Rxa1 Ra8 22. f3 Rxa1+ 23. Bxa1 Bc6 24. e4 Qa8 25. Bb2 Nf8 26. Nb3 Bd7 27. Na5 h5 28. Bg2 Ng6 29. h4 Qb8 30. Bc1 c6 31. cxd6 Qxd6 32. Kf2 e5 33. Be3 Be8 34. Nb7 Qb8 35. Nc5 Nd7 36. Nxd7 Bxd7 37. dxe5 Nxe5 38. Qd4 Qe8 39. Bf4 Nc4 40. Bf1 Be6 41. Kg1 f6 42. Be2 Kh7 43. Kf2 Kg8 44. Qc5 Bf7 45. Qa7 Qd8 46. Kg2 Qe8 47. Qc7 Qa8 48. Bf1 Qa2+ 49. Kg1 Qa3 50. Bg2 Qxb4 51. Qxc6 Qb1+ 52. Kh2 Qb2 53. Qc8+ Kh7 54. Qc7 Bg6 55. Kg1 Ne5 56. Bxe5 fxe5 57. f4 Qd4+ 58. Kh2 Bxe4 59. Bxe4+ Qxe4 60. fxe5 b4 61. Qb6 Qc2+ 62. Kh3 b3 63. e6 b2 64. e7 b1=Q 0-1


[Site "https://www.chess.com"]

[Event "Titled Tuesday Blitz November 15 Late 2022"]
[White "Haszon, David"]
[Black "Aggelis, Nikolaos"]
[WhiteFideId "733610"]
[BlackFideId "4213220"]
[WhiteElo "2211"]
[BlackElo "2189"]
[Result "0-1"]
[Round "03"]
[TimeControl "180+1"]
[Date "2022.11.16"]
[WhiteClock "0:00:22"]
[BlackClock "0:00:32"]

1. e4 c5 2. c3 Nf6 3. e5 Nd5 4. d4 cxd4 5. Nf3 Nc6 6. cxd4 d6 7. Nc3 dxe5 8. Nxe5 Nxc3 9. bxc3 Nxe5 10. dxe5 Qxd1+ 11. Kxd1 g6 12. f4 Bd7 13. a4 O-O-O 14. Kc2 Bg7 15. Be3 f6 16. exf6 Bxf6 17. Bxa7 Bf5+ 18. Kb3 Rd2 19. h3 Rhd8 20. g4 Be4 21. Rg1 Rc2 22. Rg3 Rdd2 23. Re1 Bd5+ 24. Kb4 Rb2+ 25. Kc5 e6 26. Bb5 Be7+ 27. Kb6 Bc4 28. Re5 Rd6+ 29. Ka5 Bd8+ 0-1


[Site "https://www.chess.com"]

[Event "Titled Tuesday Blitz November 15 Late 2022"]
[White "Hnydiuk, Aleksander"]
[Black "Silvestre, Christian"]
[WhiteFideId "1109057"]
[BlackFideId "30956269"]
[WhiteElo "2374"]
[BlackElo "2324"]
[Result "0-1"]
[Round "03"]
[TimeControl "180+1"]
[Date "2022.11.16"]
[WhiteClock "0:00:01"]
[BlackClock "0:00:12"]

1. e4 c6 2. d4 d5 3. f3 e6 4. Nc3 Qb6 5. a3 Nf6 6. Bf4 Be7 7. Nge2 O-O 8. g4 c5 9. e5 Nfd7 10. Na4 Qc7 11. Qd2 Nc6 12. c3 c4 13. b4 cxb3 14. Nc1 Na5 15. Qb2 Nb6 16. Nxb6 Qxb6 17. Rb1 f6 18. Nxb3 fxe5 19. Bxe5 Rxf3 20. Be2 Nc4 21. Bxc4 dxc4 22. Nd2 Bh4+ 23. Kd1 Qc6 24. Qb5 Rxc3 25. Qxc6 bxc6 26. Rf1 Bd7 27. Ne4 Rd3+ 28. Ke2 Be8 29. Nc5 Bg6 30. Nxd3 Bxd3+ 31. Ke3 Bxb1 32. Rxb1 Bg5+ 0-1


[Site "https://www.chess.com"]

[Event "Titled Tuesday Blitz November 15 Late 2022"]
[White "Hoffmann, Asa"]
[Black "Garcia Ramos, Daniel"]
[WhiteFideId "2001470"]
[BlackFideId "32010311"]
[WhiteElo "2117"]
[BlackElo "2357"]
[Result "0-1"]
[Round "03"]
[TimeControl "180+1"]
[Date "2022.11.16"]
[WhiteClock "0:00:21"]
[BlackClock "0:00:59"]

1. d4 d5 2. Bg5 h6 3. Bh4 Qd6 4. Qd2 Nf6 5. Nc3 Bf5 6. Bg3 Qd7 7. Nf3 Nc6 8. e3 e6 9. Bb5 Bd6 10. Ne5 Bxe5 11. Bxe5 a6 12. Bxc6 Qxc6 13. f3 Bg6 14. g4 O-O-O 15. h4 h5 16. g5 Nd7 17. Bxg7 Rhg8 18. Be5 Nxe5 19. dxe5 d4 20. exd4 Qxf3 21. Rf1 Qg3+ 22. Qf2 Qg4 23. Qf4 Rxd4 24. Qxg4 Rxg4 25. O-O-O Rxh4 26. Rh1 Rxh1 27. Rxh1 Rd8 28. Ne2 Rd5 29. Nf4 Rxe5 30. Nxh5 Rxg5 31. Nf4 b6 32. Rf1 Rf5 33. Rf2 e5 34. Nh3 Rh5 35. Ng1 Rh1 36. Rg2 Kd7 37. Kd2 Rh4 38. Ne2 Ke6 39. Rf2 c5 40. c3 f5 41. Rg2 Kf6 42. Ke3 f4+ 43. Kf2 Kf5 44. Ng1 e4 45. Ne2 e3+ 46. Kg1 f3 47. Ng3+ Kg4 0-1


[Site "https://www.chess.com"]

[Event "Titled Tuesday Blitz November 15 Late 2022"]
[White "Horcajuelo Rocamora, Martin"]
[Black "Mendonca, Mateus Nakajo"]
[WhiteFideId "24573027"]
[BlackFideId "2110954"]
[WhiteElo "2094"]
[BlackElo "2310"]
[Result "0-1"]
[Round "03"]
[TimeControl "180+1"]
[Date "2022.11.16"]
[WhiteClock "0:02:23"]
[BlackClock "0:01:19"]

1. e4 c5 2. Nf3 e6 3. d4 cxd4 4. Nxd4 Nc6 5. g3 Qc7 6. Bg2 Nf6 7. O-O Nxd4 8. Qxd4 Bc5 9. Qd3 O-O 10. c4 d6 11. a3 a6 12. b4 Ba7 13. Bb2 e5 14. Nc3 Be6 15. Nd5 Bxd5 16. cxd5 Rac8 17. Bh3 Qc2 18. Qxc2 Rxc2 19. Rab1 Nxe4 20. Bf5 Rxf2 21. Rxf2 Nxf2 22. Kg2 g6 23. Bd7 Rd8 24. Ba4 Nd3 25. Bc3 Rc8 26. Bd2 e4 27. Rd1 Nb2 0-1


[Site "https://www.chess.com"]

[Event "Titled Tuesday Blitz November 15 Late 2022"]
[White "Hristodoulou, Panagiotis"]
[Black "Kleinman, Michael"]
[WhiteFideId "4214340"]
[BlackFideId "2609479"]
[WhiteElo "2272"]
[BlackElo "2287"]
[Result "1-0"]
[Round "03"]
[TimeControl "180+1"]
[Date "2022.11.16"]
[WhiteClock "0:01:42"]
[BlackClock "0:00:05"]

1. e4 c6 2. d4 d5 3. e5 Bf5 4. Nf3 e6 5. Be2 Ne7 6. O-O c5 7. c4 Nbc6 8. dxc5 d4 9. Bd3 Bxd3 10. Qxd3 Ng6 11. Re1 Bxc5 12. a3 a5 13. Nbd2 O-O 14. Ne4 Be7 15. Ng3 Qc7 16. Qe4 Rad8 17. Bd2 Qb6 18. h4 Rfe8 19. h5 Nf8 20. Qg4 Qxb2 21. Rab1 Qc2 22. Rxb7 Rb8 23. Rc7 Rb6 24. Ne4 Bd8 25. Rc8 Na7 26. Ra8 Rb7 27. Nd6 1-0


[Site "https://www.chess.com"]

[Event "Titled Tuesday Blitz November 15 Late 2022"]
[White "Ivic, Velimir"]
[Black "Souleidis, Georgios"]
[WhiteFideId "950122"]
[BlackFideId "4206827"]
[WhiteElo "2625"]
[BlackElo "2401"]
[Result "1-0"]
[Round "03"]
[TimeControl "180+1"]
[Date "2022.11.16"]
[WhiteClock "0:00:03"]
[BlackClock "0:00:01"]

1. d4 Nf6 2. c4 g6 3. Nc3 Bg7 4. e4 d6 5. Be2 O-O 6. Be3 e5 7. d5 Na6 8. h4 Nc5 9. Qc2 a5 10. h5 Ng4 11. Bxg4 Bxg4 12. f3 Bd7 13. Nge2 f5 14. hxg6 hxg6 15. Qd2 fxe4 16. Bxc5 exf3 17. gxf3 dxc5 18. O-O-O Rxf3 19. Ne4 b6 20. N2g3 Qf8 21. Qh2 Qf4+ 22. Rd2 Kf7 23. Qg2 Kg8 24. d6 c6 25. Qh2 Kf7 26. Qg2 Kg8 27. Qh2 Kf7 28. Qe2 Kg8 29. Rg1 Bg4 30. Qg2 Bd7 31. Kb1 a4 32. a3 Rf8 33. Ka2 Be6 34. d7 Bxc4+ 35. Ka1 Rd8 36. Qh2 Bb3 37. Rh1 Kf7 38. Nd6+ Ke7 39. Nc8+ Kf7 40. Nd6+ Ke7 41. Nde4 Kf7 42. Qh7 Be6 43. Nd6+ Kf6 44. Ne8+ Kg5 45. Qxg7 Qxg3 46. Qe7+ Kf5 47. Qxd8 Qf4 48. Ng7+ 1-0


[Site "https://www.chess.com"]

[Event "Titled Tuesday Blitz November 15 Late 2022"]
[White "Jacobson, Brandon"]
[Black "Halvax, Georg"]
[WhiteFideId "30901561"]
[BlackFideId "1619543"]
[WhiteElo "2451"]
[BlackElo "2482"]
[Result "0-1"]
[Round "03"]
[TimeControl "180+1"]
[Date "2022.11.15"]
[WhiteClock "0:00:04"]
[BlackClock "0:00:11"]

1. e4 c5 2. Nf3 Nc6 3. Bb5 g6 4. O-O Bg7 5. Re1 Nf6 6. e5 Nd5 7. Nc3 Nc7 8. Bxc6 dxc6 9. Ne4 Ne6 10. d3 O-O 11. Be3 b6 12. Qd2 Nd4 13. Nxd4 cxd4 14. Bf4 Qd5 15. Ng3 c5 16. b3 Bb7 17. f3 Bc8 18. Re4 Be6 19. Rae1 a5 20. Bh6 Rfc8 21. Bxg7 Kxg7 22. Rh4 Kf8 23. Rxh7 Ke8 24. a4 Kd7 25. Qh6 Rcb8 26. Ne4 Bf5 27. Ng5 Be6 28. Rxf7 Bxf7 29. e6+ Bxe6 30. Nxe6 Qf5 31. Qh4 Rh8 32. Qg3 Rac8 33. Re5 Qf6 34. Ng5 Rc6 35. Qg4+ Kc7 36. Qe4 Kd7 37. Ne6 Rxe6 38. Qb7+ Ke8 39. Rxe6 Qxe6 0-1


[Site "https://www.chess.com"]

[Event "Titled Tuesday Blitz November 15 Late 2022"]
[White "Janaszak, Dawid"]
[Black "Luxama, Jacques Muller"]
[WhiteFideId "1119206"]
[BlackFideId "11900113"]
[WhiteElo "2226"]
[BlackElo "1931"]
[Result "1-0"]
[Round "03"]
[TimeControl "180+1"]
[Date "2022.11.16"]
[WhiteClock "0:00:03"]
[BlackClock "0:00:01"]

1. e4 c5 2. Nc3 Nc6 3. Bb5 Nd4 4. Nf3 g6 5. O-O Bg7 6. e5 Nxf3+ 7. Qxf3 Bxe5 8. Re1 Bg7 9. d4 Nf6 10. dxc5 O-O 11. Bf4 Nh5 12. Be5 f6 13. Bd4 e5 14. Be3 f5 15. Rad1 e4 16. Qe2 Qa5 17. Qc4+ Kh8 18. b4 Qd8 19. c6 bxc6 20. Bxc6 Qc7 21. b5 dxc6 22. bxc6 Nf6 23. Nb5 Qe7 24. Bc5 Qf7 25. Qb4 a5 26. Qa3 Rg8 27. Nd6 Qc4 28. Rd4 Qe6 29. Red1 Ng4 30. h3 Bxd4 31. Bxd4+ Nf6 32. Qc3 Rf8 33. Nb5 Ba6 34. Nc7 Qf7 35. Nxa8 Rxa8 36. Bxf6+ Kg8 37. Rd7 Qe6 38. Rg7+ Kf8 39. Qc5+ Ke8 40. Re7+ 1-0


[Site "https://www.chess.com"]

[Event "Titled Tuesday Blitz November 15 Late 2022"]
[White "Jarocka, Liwia"]
[Black "Tristan, Leonardo"]
[WhiteFideId "21807558"]
[BlackFideId "113816"]
[WhiteElo "2400"]
[BlackElo "2724"]
[Result "1-0"]
[Round "03"]
[TimeControl "180+1"]
[Date "2022.11.16"]
[WhiteClock "0:00:13"]
[BlackClock "0:00:15"]

1. e4 d5 2. exd5 Qxd5 3. Nf3 Bg4 4. Be2 Nc6 5. Nc3 Qd7 6. h3 Bxf3 7. Bxf3 O-O-O 8. d3 e5 9. Be3 f5 10. O-O Nf6 11. Re1 Bd6 12. Nb5 e4 13. dxe4 fxe4 14. Nxd6+ Qxd6 15. Qxd6 cxd6 16. Be2 d5 17. c3 h6 18. Rad1 g5 19. Bd4 Rhf8 20. Bxf6 Rxf6 21. Bg4+ Kc7 22. Rd2 Ne5 23. Be2 a6 24. Red1 Rfd6 25. Rd4 b5 26. a4 Nc6 27. R4d2 Kb6 28. axb5 axb5 29. g3 Kc5 30. Kg2 d4 31. cxd4+ Nxd4 32. Rc1+ Kb4 33. Rc7 Nf5 34. Rdc2 Rd2 35. Kf1 Rxc2 36. Rxc2 Nd4 37. Rd2 Rd6 38. Kg2 Kb3 39. Kh1 b4 40. h4 Nf5 41. Bd1+ Kc4 42. Be2+ Kb3 43. Bd1+ Ka2 44. Rxd6 Nxd6 45. b3 Nb5 46. Bc2 Kb2 47. Bxe4 Kxb3 48. hxg5 hxg5 49. f4 g4 50. Kg2 Kc3 51. f5 Nd6 52. Bb1 b3 53. f6 Kb2 54. Bg6 Kc1 55. Kf2 b2 56. Ke3 Nc4+ 57. Kf4 Na3 58. f7 Nc2 59. Bxc2 Kxc2 60. f8=Q b1=Q 61. Qc5+ Kd2 62. Qf2+ Kd3 63. Qe3+ Kc4 64. Qe4+ Qxe4+ 65. Kxe4 Kc5 66. Kf4 Kd6 67. Kxg4 Ke7 68. Kg5 Kf7 69. Kh6 Kg8 70. Kg6 Kh8 71. g4 Kg8 72. g5 Kh8 73. Kf7 Kh7 74. g6+ Kh6 75. g7 Kh5 76. g8=Q Kh6 77. Qg7+ Kh5 78. Qg6+ Kh4 79. Kf6 Kh3 80. Kf5 Kh4 81. Qg5+ Kh3 82. Qg4+ Kh2 83. Kf4 Kh1 84. Kf3 Kh2 85. Qg2# 1-0


[Site "https://www.chess.com"]

[Event "Titled Tuesday Blitz November 15 Late 2022"]
[White "Jiang, Andrew"]
[Black "Goroshkov, Maksym"]
[WhiteFideId "30953510"]
[BlackFideId "14142716"]
[WhiteElo "1868"]
[BlackElo "2257"]
[Result "1/2-1/2"]
[Round "03"]
[TimeControl "180+1"]
[Date "2022.11.16"]
[WhiteClock "0:00:21"]
[BlackClock "0:00:17"]

1. e4 e5 2. Nf3 d6 3. d4 Bg4 4. dxe5 Nd7 5. exd6 Bxd6 6. h3 Bh5 7. Be2 Ngf6 8. Bg5 Qe7 9. Nc3 O-O-O 10. Nd4 Bxe2 11. Qxe2 Be5 12. O-O-O Nc5 13. Nf5 Qe6 14. Rxd8+ Rxd8 15. Nxg7 Qc6 16. Nd5 Nxd5 17. Bxd8 Nb4 18. Kb1 Na4 19. Nf5 Nc3+ 20. bxc3 Qxc3 21. Kc1 Nxa2+ 22. Kd1 Qa1+ 23. Kd2 Qxh1 24. Qg4 Qc1+ 25. Ke2 Qxc2+ 26. Kf1 Qb1+ 27. Ke2 Nc1+ 28. Kd2 Nb3+ 29. Ke2 Qc2+ 30. Ke1 Qd2+ 31. Kf1 Qc1+ 32. Ke2 Qc2+ 33. Kf1 Qb1+ 34. Ke2 Nc1+ 35. Kd2 Nb3+ 36. Ke2 1/2-1/2


[Site "https://www.chess.com"]

[Event "Titled Tuesday Blitz November 15 Late 2022"]
[White "Jimenez Almeida, Luis David"]
[Black "Melikyan, Gnel"]
[WhiteFideId "22242244"]
[BlackFideId "54109990"]
[WhiteElo "2158"]
[BlackElo "2138"]
[Result "1-0"]
[Round "03"]
[TimeControl "180+1"]
[Date "2022.11.16"]
[WhiteClock "0:00:13"]
[BlackClock "0:00:31"]

1. e4 e5 2. Nf3 Nc6 3. Bb5 Nf6 4. O-O Nxe4 5. d4 Nd6 6. Bxc6 dxc6 7. dxe5 Nf5 8. Qxd8+ Kxd8 9. Rd1+ Ke8 10. h3 Be6 11. Nc3 Be7 12. a4 Rd8 13. Bg5 h6 14. Bxe7 Nxe7 15. Ne4 Bf5 16. Re1 Kd7 17. g4 Bh7 18. e6+ fxe6 19. Nc5+ Kc8 20. Nxe6 Rdg8 21. Nxc7 Ng6 22. Ne6 Nf8 23. Ned4 Nd7 24. c3 Re8 25. Ne6 g5 26. a5 Re7 27. Ned4 Rhe8 28. Rxe7 Rxe7 29. Re1 Rxe1+ 30. Nxe1 Nc5 31. b4 Ne4 32. Ne2 Bg8 33. f3 Bc4 34. fxe4 Bxe2 35. Kf2 Bc4 36. Ng2 Kd7 37. Ne3 Bf7 38. Nf5 h5 39. Ke3 hxg4 40. hxg4 Bb3 41. Kd4 Bd1 42. Ne3 Bf3 43. Ke5 b6 44. axb6 axb6 45. Kf5 c5 46. bxc5 bxc5 47. e5 Be2 48. Kxg5 Ke6 49. Kf4 Bd3 50. g5 Bg6 51. Ng4 Bf5 52. Nh6 Bg6 53. Ng4 Bf5 54. Ne3 Bd3 55. c4 Bg6 56. Nd5 Bd3 57. Nb6 Bg6 58. Na4 Kd7 59. Nxc5+ Kc6 60. Ne4 Bf7 61. c5 Kd5 62. Kf5 Be6+ 63. Kf4 Bf7 64. Nd6 Bg6 65. Nf5 Kxc5 66. Ne7 Bb1 67. g6 Kd4 68. g7 Bh7 69. g8=Q Bxg8 70. Nxg8 Kd5 71. Nh6 Ke6 72. Ng4 Kd5 73. Ne3+ Ke6 74. Ke4 Ke7 75. Kf5 Kf7 76. Ng4 Ke7 77. e6 Ke8 78. Ke5 Kf8 79. Kf6 Ke8 80. Ne5 Kf8 81. e7+ Kg8 82. e8=Q+ Kh7 83. Qg6+ Kh8 84. Qg7# 1-0


[Site "https://www.chess.com"]

[Event "Titled Tuesday Blitz November 15 Late 2022"]
[White "Jones, Gawain C B"]
[Black "Tanenbaum, Zachary"]
[WhiteFideId "409561"]
[BlackFideId "2060850"]
[WhiteElo "2657"]
[BlackElo "2175"]
[Result "1-0"]
[Round "03"]
[TimeControl "180+1"]
[Date "2022.11.15"]
[WhiteClock "0:00:02"]
[BlackClock "0:00:03"]

1. Nf3 d5 2. g3 Nf6 3. Bg2 c6 4. O-O Bf5 5. c4 e6 6. Qb3 Qb6 7. d3 Nbd7 8. Be3 Qc7 9. cxd5 exd5 10. Nc3 Bc5 11. Bf4 Qb6 12. Qc2 Be7 13. Nh4 Bg4 14. h3 Be6 15. e4 dxe4 16. dxe4 Nh5 17. Be3 Qd8 18. Nf5 Bxf5 19. exf5 O-O 20. Rad1 Nhf6 21. g4 h6 22. Rfe1 Re8 23. Bf4 Qa5 24. a3 Bf8 25. Qb3 Nc5 26. Qc4 Qb6 27. Be3 Qa6 28. Qxa6 Nxa6 29. b4 Nc7 30. Bd4 a5 31. bxa5 Bxa3 32. Rxe8+ Ncxe8 33. Bb6 Bb4 34. Ne2 Nd6 35. Rb1 Bxa5 36. Bc5 Nde4 37. Bd4 Rb8 38. Be5 Re8 39. Bxf6 Nxf6 40. Nd4 Re7 41. Kf1 c5 42. Nb5 b6 43. Nd6 Bb4 44. Bf3 Nd7 45. Ra1 Ne5 46. Be4 f6 47. Ra8+ Kh7 48. Bd5 h5 49. Be6 Kh6 50. f4 Nd3 51. Rh8# 1-0


[Site "https://www.chess.com"]

[Event "Titled Tuesday Blitz November 15 Late 2022"]
[White "Kaplan, Avi Harrison"]
[Black "Goryachkina, Aleksandra"]
[WhiteFideId "30934559"]
[BlackFideId "4147103"]
[WhiteElo "1983"]
[BlackElo "2484"]
[Result "0-1"]
[Round "03"]
[TimeControl "180+1"]
[Date "2022.11.16"]
[WhiteClock "0:00:03"]
[BlackClock "0:00:07"]

1. a3 d5 2. Nf3 Bg4 3. Ne5 Bf5 4. e3 Nd7 5. Nxd7 Qxd7 6. b4 e6 7. Bb2 a5 8. Be2 Nf6 9. b5 Be7 10. O-O O-O 11. c4 dxc4 12. Bxc4 Bd3 13. Qb3 Bxf1 14. Bxf1 Rfd8 15. Nc3 Qxd2 16. Rd1 a4 17. Qa2 Qc2 18. Rc1 Qf5 19. Ba1 Rd7 20. Ne2 Rad8 21. Nd4 Qh5 22. Bc4 Kh8 23. Be2 Qg6 24. h3 Nd5 25. Nf3 f6 26. Kh2 Bd6+ 27. Kh1 Qf7 28. Bc4 c6 29. bxc6 bxc6 30. Nd4 Rc7 31. Bd3 e5 32. Nf3 Qe7 33. Bc4 Nb6 34. Be2 c5 35. Rb1 Rb8 36. Qc2 Rcc8 37. Rd1 c4 38. Qc3 Bxa3 39. Qe1 Bb4 40. Qf1 c3 41. Nh4 c2 42. Rc1 Ba3 43. Nf5 Qd7 44. Bg4 Bxc1 45. Qxc1 Qf7 46. Nd6 Qc7 47. Nxc8 Nxc8 48. Bb2 Rxb2 49. Qxb2 c1=Q+ 50. Qxc1 Qxc1+ 51. Kh2 a3 52. Bxc8 a2 53. Bg4 a1=Q 54. e4 Qd2 55. Kg3 Qab2 56. f3 Qxg2+ 57. Kh4 Qbd2 58. f4 g5+ 59. Kh5 gxf4 60. h4 f3 61. Bh3 Qdg5+ 62. hxg5 Qxg5# 0-1


[Site "https://www.chess.com"]

[Event "Titled Tuesday Blitz November 15 Late 2022"]
[White "Khandelwal, Ankush"]
[Black "Phillips, Rene"]
[WhiteFideId "413470"]
[BlackFideId "2056275"]
[WhiteElo "2271"]
[BlackElo "1996"]
[Result "1-0"]
[Round "03"]
[TimeControl "180+1"]
[Date "2022.11.16"]
[WhiteClock "0:00:41"]
[BlackClock "0:00:01"]

1. e4 Nc6 2. Nf3 d5 3. exd5 Qxd5 4. Nc3 Qa5 5. d4 Bg4 6. h3 Qh5 7. d5 Bxf3 8. gxf3 O-O-O 9. Be2 e6 10. f4 Qh4 11. Be3 Nf6 12. dxc6 Rxd1+ 13. Rxd1 Bd6 14. cxb7+ Kxb7 15. Bf3+ Kb8 16. Nb5 a6 17. Nxd6 cxd6 18. Rxd6 Nd5 19. Bxd5 exd5 20. Rg1 Rd8 21. Rb6+ Kc7 22. Rxg7 Rd7 23. Rxa6 d4 24. Ra7+ Kc6 25. Rxd7 Kxd7 26. Bxd4 Qxf4 27. c3 Ke6 28. Rg3 Qc1+ 29. Ke2 Qxb2+ 30. Kd3 Qb1+ 31. Ke3 Qe1+ 32. Kf4 Qd2+ 33. Re3+ Kd7 34. Kg3 Qd1 35. a3 Qg1+ 36. Kf3 Qh1+ 37. Kg4 1-0


[Site "https://www.chess.com"]

[Event "Titled Tuesday Blitz November 15 Late 2022"]
[White "Klenburg, Michael"]
[Black "Kuzmicz, Krystian"]
[WhiteFideId "14102072"]
[BlackFideId "1119125"]
[WhiteElo "2405"]
[BlackElo "2380"]
[Result "0-1"]
[Round "03"]
[TimeControl "180+1"]
[Date "2022.11.16"]
[WhiteClock "0:00:20"]
[BlackClock "0:00:29"]

1. g3 g6 2. Bg2 Bg7 3. c4 e5 4. Nc3 d6 5. d3 f5 6. Nf3 Nf6 7. O-O O-O 8. Rb1 Nc6 9. b4 h6 10. b5 Ne7 11. Nd2 g5 12. Ba3 Rb8 13. Qa4 Be6 14. c5 Ned5 15. Nxd5 Nxd5 16. Rfc1 e4 17. Bb2 Bxb2 18. Rxb2 Qf6 19. Rbc2 exd3 20. exd3 Ra8 21. cxd6 cxd6 22. Qa3 Bf7 23. Nc4 Rfd8 24. Na5 Rd7 25. Rc8+ Rxc8 26. Rxc8+ Kg7 27. Rc1 f4 28. Nc4 Qd4 29. Nxd6 Be6 30. Ne4 b6 31. Re1 Nb4 32. Nxg5 hxg5 33. Rxe6 Nc2 34. Re7+ Kf6 35. Rxd7 Qa1+ 36. Bf1 Nxa3 37. Rxa7 Nxb5 38. Rb7 Nd4 39. Rxb6+ Ke7 40. Rb4 Nf3+ 41. Kg2 Nd2 42. Be2 f3+ 43. Bxf3 Qf1# 0-1


[Site "https://www.chess.com"]

[Event "Titled Tuesday Blitz November 15 Late 2022"]
[White "Kobo, Ori"]
[Black "Terry, Renato"]
[WhiteFideId "2812320"]
[BlackFideId "3803457"]
[WhiteElo "2447"]
[BlackElo "2577"]
[Result "1-0"]
[Round "03"]
[TimeControl "180+1"]
[Date "2022.11.15"]
[WhiteClock "0:00:09"]
[BlackClock "0:00:12"]

1. e4 e6 2. Qe2 c5 3. Nf3 Nc6 4. g3 g6 5. Bg2 Bg7 6. d3 Nge7 7. h4 h6 8. c3 d6 9. O-O Rb8 10. Rd1 b5 11. d4 cxd4 12. cxd4 d5 13. e5 b4 14. Nbd2 Qb6 15. Nb3 Ba6 16. Qe1 Bb5 17. Bf4 a5 18. Rac1 O-O 19. Nc5 Rfd8 20. Qd2 Kh7 21. Bh3 Rbc8 22. h5 gxh5 23. Nh4 Nb8 24. Qe3 Nd7 25. Nxd7 Bxd7 26. Bf1 Bb5 27. Bd3+ Bxd3 28. Qxd3+ Kg8 29. Qe3 Kh7 30. Kg2 Rxc1 31. Rxc1 Rc8 32. Rxc8 Nxc8 33. Qd3+ Kg8 34. Qe3 Kh7 35. Qd3+ Kg8 36. Qd2 Kh7 37. Qc2+ Kg8 38. Qxc8+ Kh7 39. Qc2+ Kg8 40. Qd2 Kh7 41. Qd3+ Kg8 42. Qd2 Kh7 43. Nf3 Qc6 44. Qd3+ Kg8 45. b3 Kh8 46. Qd2 Kh7 47. Ne1 Qb6 48. Qc2+ Kg8 49. Qc5 Qa6 50. Qc2 Qb6 51. Be3 Bf8 52. Nd3 Qd8 53. Qe2 h4 54. Qg4+ Kh7 55. Qxh4 Qc8 56. Qf4 Kg8 57. Qg4+ Kh7 58. Nf4 Qc2 59. Nh5 Qg6 60. Nf6+ Kg7 61. Qxg6+ Kxg6 62. Nd7 Be7 63. Nb8 Bd8 64. Nc6 Bb6 65. f4 h5 66. Kf3 f5 67. Nb8 Kf7 68. Nd7 Bd8 69. Nc5 Bb6 70. Nd3 Ke7 71. Nc5 Kf7 72. Kg2 Kg6 73. Kh3 Kf7 74. Kh4 Kg6 75. Nxe6 a4 76. bxa4 Ba5 77. Nc5 Bb6 78. Nb3 Bd8+ 79. Kh3 Kf7 80. a5 Ke6 81. Bd2 Kd7 82. Bxb4 Kc6 83. Bc3 Kb5 84. Bd2 Ka6 85. Kg2 Kb5 86. Kf3 Ka6 87. Nc5+ Kb5 88. a6 Bb6 89. e6 1-0


[Site "https://www.chess.com"]

[Event "Titled Tuesday Blitz November 15 Late 2022"]
[White "Korchmar, Vasiliy"]
[Black "Tari, Aryan"]
[WhiteFideId "24131750"]
[BlackFideId "1510045"]
[WhiteElo "2370"]
[BlackElo "2612"]
[Result "1/2-1/2"]
[Round "03"]
[TimeControl "180+1"]
[Date "2022.11.15"]
[WhiteClock "0:00:03"]
[BlackClock "0:00:15"]

1. e4 e5 2. Nf3 Nc6 3. Bc4 Bc5 4. c3 Nf6 5. d3 d6 6. Bg5 a6 7. Nbd2 Ba7 8. O-O Qe7 9. a4 h6 10. Bh4 g5 11. Bg3 Nh7 12. Re1 Nf8 13. d4 Ng6 14. dxe5 Ncxe5 15. Nxe5 Nxe5 16. Bxe5 Qxe5 17. Nf1 Qc5 18. Ne3 Bd7 19. e5 O-O-O 20. exd6 Be6 21. Bxe6+ fxe6 22. Qg4 Rxd6 23. Rad1 Kb8 24. Rxd6 Qxd6 25. Rd1 Qc6 26. Qc4 Bxe3 27. Qxc6 Bxf2+ 28. Kxf2 bxc6 29. Rd7 Rf8+ 30. Ke2 Rf4 31. Re7 Rxa4 32. Kd3 Rh4 33. h3 g4 34. hxg4 Rxg4 35. Rxe6 Rxg2 36. Rxc6 Rxb2 37. Rxa6 Rb6 38. Ra5 Kc8 39. Rf5 Re6 40. Rf7 Kd8 41. Rh7 c6 42. Kd4 Ke8 43. Kc5 Kf8 44. c4 Kg8 45. Rc7 h5 46. Ra7 h4 47. Ra3 Rh6 48. Rh3 Kf7 49. Kb6 Ke7 50. c5 Kf7 51. Rh2 h3 52. Kb7 Kg7 53. Kb6 Kf7 54. Kb7 Ke7 55. Kb6 Ke8 56. Kb7 Kd7 57. Rd2+ Ke7 58. Rh2 Ke8 59. Kb6 Kd7 60. Rd2+ Kc8 61. Rh2 Kd7 62. Rd2+ Ke7 63. Rh2 Kf7 1/2-1/2


[Site "https://www.chess.com"]

[Event "Titled Tuesday Blitz November 15 Late 2022"]
[White "Koutlas, Nikolaos"]
[Black "Tang, Andrew"]
[WhiteFideId "25827138"]
[BlackFideId "2059630"]
[WhiteElo "2560"]
[BlackElo "2855"]
[Result "1-0"]
[Round "03"]
[TimeControl "180+1"]
[Date "2022.11.16"]
[WhiteClock "0:00:38"]
[BlackClock "0:00:11"]

1. e4 b5 2. Nf3 Bb7 3. d3 g6 4. g3 Bg7 5. Bg2 d6 6. O-O Nf6 7. Re1 O-O 8. Nc3 b4 9. Ne2 c5 10. Nd2 Nc6 11. Nc4 Nd7 12. Nf4 Nb6 13. Nd5 Nxc4 14. dxc4 a5 15. Rb1 a4 16. h4 e6 17. Ne3 Qe7 18. h5 Rfd8 19. h6 Bxh6 20. Nf5 gxf5 21. Bxh6 Qf6 22. Qh5 Qg6 23. Qh4 fxe4 24. Bxe4 f5 25. Bf3 Re8 26. Rbd1 Rad8 27. Bg5 Rd7 28. Bh5 Ne7 29. Bxe7 Qh6 30. Bxe8 Qxh4 31. Bxh4 Rc7 32. Rxd6 Be4 33. Rxe4 fxe4 34. Rxe6 b3 35. cxb3 axb3 36. axb3 Rb7 37. Ba4 Re7 38. Rxe7 1-0


[Site "https://www.chess.com"]

[Event "Titled Tuesday Blitz November 15 Late 2022"]
[White "Krasteva, Beloslava"]
[Black "Roman, Rodrigo"]
[WhiteFideId "2922029"]
[BlackFideId "3701220"]
[WhiteElo "2187"]
[BlackElo "1995"]
[Result "1-0"]
[Round "03"]
[TimeControl "180+1"]
[Date "2022.11.16"]
[WhiteClock "0:00:03"]
[BlackClock "0:00:02"]

1. c4 e5 2. d3 Nc6 3. Nf3 Nf6 4. a3 d5 5. cxd5 Nxd5 6. e3 Be7 7. Be2 O-O 8. O-O Be6 9. b4 a6 10. Bb2 Bf6 11. Qc2 Re8 12. Nbd2 Bf5 13. Ne4 Bxe4 14. dxe4 Nb6 15. Rfd1 Qe7 16. Rac1 Rad8 17. Qb3 Rxd1+ 18. Rxd1 Rd8 19. Rc1 Rd6 20. Ne1 Rd2 21. Bf1 Bh4 22. Nd3 Qf6 23. g3 Bg5 24. Qc3 Rxd3 25. Bxd3 h5 26. h4 Bxh4 27. gxh4 Qxh4 28. Bf1 Qxe4 29. Bg2 Qg4 30. Qd3 h4 31. Qe4 Qg5 32. Kh2 Nc8 33. Rc5 Nd6 34. Qf3 f6 35. Bh3 Kh7 36. Qg4 Qh6 37. Bc1 f5 38. Qf3 g6 39. e4 fxe4 40. Bxh6 exf3 41. Be3 Ne4 42. Rd5 Nf6 43. Rd2 Kg7 44. Rc2 Ne4 45. Bg4 Nd6 46. Bxf3 e4 47. Be2 Ne5 48. Bd1 Kf6 49. Be2 Nf5 50. Bf4 Nd3 51. Bxd3 exd3 52. Rd2 g5 53. Bxc7 Nh6 54. Rxd3 Ng4+ 55. Kg2 Kf5 56. Rd5+ Ke4 57. Rxg5 Nf6 58. Rg6 Nd5 59. Rh6 Nxc7 60. Rxh4+ Kf5 61. Rh5+ Kg4 62. Rh7 Nb5 63. Rxb7 Nxa3 64. f3+ Kf5 65. Kg3 Nc2 66. Rf7+ Ke6 67. Rb7 Kf5 68. f4 Nd4 69. Rf7+ Ke6 70. Rh7 Kf5 71. Rh5+ Kf6 72. Ra5 Ne2+ 73. Kg4 Nc3 74. Rxa6+ Kf7 75. f5 Ke8 76. Kg5 Ne4+ 77. Kg6 Nf2 78. f6 Ne4 79. f7+ Ke7 80. Ra7+ Ke6 81. f8=Q Nd6 82. Qg8+ Ke5 83. Qd8 Ne4 84. Ra5+ Kf4 85. Qf8+ Kg3 86. Qf7 1-0


[Site "https://www.chess.com"]